 Dungeon Crawl Stone Soup version 0.29.0-4-gdea44cf6ec (webtiles) character file.

Game seed: 4328093376662802583

88 qw the Chopper (level 4, -4/26 HPs)
             Began as a Tengu Warper on Aug 28, 2022.
             Constricted to death by Ijyb (6 damage)
             ... on level 3 of the Dungeon.
             The game lasted 00:00:15 (2433 turns).

qw the Chopper (Tengu Warper)                       Turns: 2433, Time: 00:00:15

Health: -4/26      AC:  7    Str: 14    XL:     4   Next: 54%
Magic:  8/8        EV:  8    Int: 13    God:
Gold:   192        SH:  0    Dex: 13    Spells: 7/7 levels left

rFire   . . .      SeeInvis .   Y - +0 hand axe
rCold   + . .      Faith    .   (no shield)
rNeg    . . .      Spirit   .   h - +2 ring mail {rC+}
rPois   .          Reflect  .   (helmet restricted)
rElec   .          Harm     .   a - scarf {repulsion}
rCorr   .          Rampage  .   (no gloves)
Will    .....                   (boots unavailable)
Stlth   +.........              (no amulet)
HPRegen 0.08/turn               (no ring)
MPRegen 0.11/turn               (no ring)

@: grasped by roots, constricted, repel missiles
A: beak, talons 3
a: no special abilities


You were on level 3 of the Dungeon.
You visited 1 branch of the dungeon, and saw 3 of its levels.

You collected 192 gold pieces.


Innate Abilities, Weirdness & Mutations

You have a beak for a mouth.
You have claws for feet.


   Skills:
 - Level 2.0 Fighting
 + Level 5.1 Axes
 - Level 1.0 Throwing
 - Level 1.1 Armour
 - Level 2.1 Dodging
 - Level 2.0 Spellcasting
 - Level 2.4 Translocations


You had 7 spell levels left.
You didn't know any spells.
Your spell library contained the following spells:

 Spells                   Type           Power      Damage    Failure   Level
 Blink                    Tloc           14%        N/A       30%         2
 Gell's Gravitas          Tloc           7%         N/A       52%         3
 Lesser Beckoning         Tloc           7%         N/A       52%         3
 Teleport Other           Tloc           7%         N/A       52%         3
 Manifold Assault         Tloc           7%         N/A       99%         5

Inventory:

Hand Weapons
 d - a +0 club
 Y - a +0 hand axe (weapon)
Missiles
 e - 3 silver javelins (quivered)
Armour
 a - a scarf of repulsion (worn)
 h - a +2 ring mail of cold resistance (worn)
Jewellery
 i - an amulet of reflection
Scrolls
 b - a scroll of fear {unknown}
 c - 2 scrolls of identify
 j - a scroll of amnesia {unknown}
Potions
 f - a potion of haste {unknown}
 g - a potion of might {unknown}
 k - a potion of invisibility {unknown}
 l - a potion of heal wounds {unknown}
 n - a potion of cancellation {unknown}
 o - a potion of mutation {unknown}

Dungeon Overview and Level Annotations

Branches:
Dungeon (3/15)

Altars:
Elyvilon

Shops:
D:1 (

Annotations:
D:3 Ijyb, Natasha


Message History

Ijyb the Twisted Goblin comes into view.
She is wielding a +2 spectral club and carrying a wand of roots (12).
Ijyb shouts!
You hear an angry hiss.
Ijyb zaps a wand.
The roots erupt in riotous growth!
The grasping roots grab you! The grasping roots constrict you.
You hear a shout!
The grasping roots constrict you. The grasping roots constrict you.
The grasping roots release their grip on you.
2425 ||| FLEEEEING.
2426 ||| FLEEEEING.
2427 ||| FLEEEEING.
Natasha, Servant of Life and Death comes into view.
She is carrying a wand of roots (9).
Natasha hisses angrily.
2428 ||| FLEEEEING.
Natasha casts a spell.
2429 ||| FLEEEEING.
A kobold comes into view. It is wielding a +0 club.
Ijyb zaps a wand.
The roots erupt in riotous growth!
The grasping roots grab you! The grasping roots constrict you.
You escape the roots grasp.
Ijyb zaps a wand.
The roots erupt in riotous growth!
The grasping roots grab you! The grasping roots constrict you.
The shadow imp gestures at you. Pain shoots through your body!
You escape the roots grasp.
Natasha zaps a wand.
The roots erupt in riotous growth!
The grasping roots grab you! The grasping roots constrict you.
You escape the roots grasp.
2433 ||| FLEEEEING.
Natasha stares at you and mumbles some strange words.
The magic dart hits you!
Ijyb screams, "You nasty!
Big nasty!"
Ijyb zaps a wand.
The roots erupt in riotous growth!
The grasping roots grab you! The grasping roots constrict you.
You die...

..~.~¤~.~.~.# #.#
#.~.~...~.~.# #.#
#.~.~5_¤~.~.# #.#
...###.~.~5¤.¤.~.###.# #
....#.~.~~~¤~.~.....##
#.#.#.#K~..h¤g.$~..#...# .
#.#.#.#.~~~~~~~~~..#.#.# ..
.....#...........##...# ..
#...#####@#..######.##
###.###...#####........ #.#
((.............########.#.#
.%..).....####.## #.#.#
##.###..####...##### #.#.#
#.............(.###.#.#
#.#..####...........#.#
#.#..# ##.#.#####..#.#
#.#..# #.#.# #..#.#


You could see Ijyb, Natasha, a shadow imp (summoned) and a kobold.

Vanquished Creatures
  Robin (D:2)
  2 adders (D:2)
  4 bats (D:1)
  6 endoplasms
  4 hobgoblins
  7 kobolds
  A quokka (D:1)
  8 ball pythons
  4 frilled lizards (D:1)
  15 goblins
  4 rats
56 creatures vanquished.

Vanquished Creatures (others)
  A plant (D:1)
1 creature vanquished.

Grand Total: 57 creatures vanquished

Notes
Turn   | Place    | Note
-------+----------+-------------------------------------------
     0 | D:1      | qw the Tengu Warper began the quest for the Orb.
     0 | D:1      | Reached XP level 1. HP: 12/12 MP: 4/4
     0 | D:1      | 0 ||| qw: Version: 0.1-a-89-g26bdef1
     0 | D:1      | 0 ||| qw: Game counter: 2482
     0 | D:1      | 0 ||| qw: Always use a shield: true
     0 | D:1      | 0 ||| qw: God list: Okawaru
     0 | D:1      | 0 ||| qw: Allow faded altars: false
     0 | D:1      | 0 ||| qw: Do Orc after D:15 true
     0 | D:1      | 0 ||| qw: Do second Lair branch before Depths: true
     0 | D:1      | 0 ||| qw: Lair rune preference: random
     0 | D:1      | 0 ||| qw: Plans: Normal
     0 | D:1      | 0 ||| PLANNING D:1-11
    44 | D:1      | Found Booc's Weapon Boutique.
    52 | D:1      | 52 ||| SHOPLISTING +0 flail (38 gold, have 7).
    52 | D:1      | 52 ||| SHOPLISTING +0 whip (27 gold, have 7).
    52 | D:1      | 52 ||| SHOPLISTING +0 whip of venom (55 gold, have 7).
   222 | D:1      | Reached XP level 2. HP: 17/17 MP: 6/6
   264 | D:1      | Reached skill level 3 in Axes
   284 | D:1      | 284 ||| Stepping ~*~*~tactically~*~*~ (stealth).
   285 | D:1      | 285 ||| Stepping ~*~*~tactically~*~*~ (stealth).
   316 | D:1      | 316 ||| Stepping ~*~*~tactically~*~*~ (stealth).
   320 | D:1      | 320 ||| Stepping ~*~*~tactically~*~*~ (stealth).
   323 | D:1      | 323 ||| Stepping ~*~*~tactically~*~*~ (stealth).
   325 | D:1      | 325 ||| Stepping ~*~*~tactically~*~*~ (stealth).
   458 | D:1      | 458 ||| Stepping ~*~*~tactically~*~*~ (stealth).
   460 | D:1      | 460 ||| Stepping ~*~*~tactically~*~*~ (stealth).
   517 | D:1      | Found a faded altar of an unknown god.
   537 | D:1      | 537 ||| Stepping ~*~*~tactically~*~*~ (stealth).
   660 | D:1      | Reached XP level 3. HP: 21/21 MP: 7/7
   912 | D:1      | 912 ||| READING scroll labelled ELAGINGINAT.
   913 | D:1      | 913 ||| READING scroll labelled MYTYTI VOHIQA.
   914 | D:1      | 914 ||| READING scroll labelled APSIUDY VECIV.
   919 | D:1      | 919 ||| READING scroll labelled XYZ TECHOCOWUL.
   920 | D:1      | 920 ||| DROPPING scroll of blinking.
   921 | D:1      | 921 ||| Stepping randomly (stuck).
   922 | D:1      | 922 ||| Stepping ~*~*~tactically~*~*~ (cloud).
   927 | D:1      | HP: 5/21 [poisoned by you (poison gas)]
   930 | D:1      | HP: 2/21 [poisoned by you (poison gas)]
  1255 | D:2      | Reached skill level 4 in Axes
  1255 | D:2      | 1255 ||| Stepping ~*~*~tactically~*~*~ (stealth).
  1270 | D:2      | 1270 ||| Stepping ~*~*~tactically~*~*~ (stealth).
  1275 | D:2      | 1275 ||| Stepping ~*~*~tactically~*~*~ (stealth).
  1327 | D:2      | HP: 5/21 [poisoned by an adder]
  1373 | D:2      | 1373 ||| FLEEEEING.
  1374 | D:2      | 1374 ||| FLEEEEING.
  1383 | D:2      | 1383 ||| STAIRDANCE
  1563 | D:1      | 1563 ||| UPGRADING to scarf of repulsion.
  1568 | D:1      | 1568 ||| READING scroll labelled OCOOHA ODIAGH.
  1569 | D:1      | 1569 ||| DRINKING 2 white potions.
  1570 | D:1      | 1570 ||| DROPPING potion of flight.
  1755 | D:2      | Reached XP level 4. HP: 26/26 MP: 8/8
  1871 | D:2      | 1871 ||| Stepping ~*~*~tactically~*~*~ (hiding).
  1973 | D:2      | Noticed Robin
  1974 | D:2      | 1974 ||| FLEEEEING.
  1975 | D:2      | 1975 ||| FLEEEEING.
  1976 | D:2      | 1976 ||| FLEEEEING.
  1977 | D:2      | 1977 ||| FLEEEEING.
  1978 | D:2      | 1978 ||| FLEEEEING.
  1979 | D:2      | 1979 ||| FLEEEEING.
  1980 | D:2      | 1980 ||| FLEEEEING.
  1981 | D:2      | 1981 ||| FLEEEEING.
  1982 | D:2      | 1982 ||| FLEEEEING.
  2006 | D:2      | Killed Robin
  2019 | D:2      | 2019 ||| FLEEEEING.
  2136 | D:2      | Reached skill level 5 in Axes
  2241 | D:2      | 2241 ||| Stepping ~*~*~tactically~*~*~ (stealth).
  2242 | D:2      | 2242 ||| Stepping ~*~*~tactically~*~*~ (stealth).
  2243 | D:2      | 2243 ||| Stepping ~*~*~tactically~*~*~ (stealth).
  2244 | D:2      | 2244 ||| Stepping ~*~*~tactically~*~*~ (stealth).
  2248 | D:2      | 2248 ||| Stepping ~*~*~tactically~*~*~ (stealth).
  2249 | D:2      | 2249 ||| Stepping ~*~*~tactically~*~*~ (stealth).
  2298 | D:2      | 2298 ||| UPGRADING to +2 ring mail of cold resistance.
  2308 | D:2      | 2308 ||| DROPPING +0 leather armour.
  2421 | D:3      | Found a white marble altar of Elyvilon.
  2422 | D:3      | Noticed Ijyb
  2425 | D:3      | 2425 ||| FLEEEEING.
  2426 | D:3      | 2426 ||| FLEEEEING.
  2427 | D:3      | 2427 ||| FLEEEEING.
  2427 | D:3      | Noticed Natasha
  2428 | D:3      | 2428 ||| FLEEEEING.
  2429 | D:3      | 2429 ||| FLEEEEING.
  2433 | D:3      | 2433 ||| FLEEEEING.
  2433 | D:3      | HP: 2/26 [Natasha/magic dart (7)]
  2433 | D:3      | Constricted to death by Ijyb

Levels and vault maps discovered:
D:1:      wander_arrival_fairy_ring, layout_loops_ring,
          shapermc_ecumenical_altar_venn, serial_shops,
          nicolae_shop_advertising_works [nicolae_subvault_shop_adworks]
D:2:      layout_rooms, roderic_roman_lattice, uniq_robin
D:3:      layout_loops_ring, mainiacjoe_overflow_concentric_impassable,
          uniq_natasha, uniq_ijyb

Skill      XL: |  1  2  3  4 |
---------------+-------------+-----
Axes           | 3 4 5 |  5.1
Fighting       | |  2.0
Throwing       | |  1.0
Armour         | |  1.1
Dodging        | |  2.1
Spellcasting   | |  2.0
Translocations | |  2.4

Action                   |  1- 3 |  4- 6 || total
-------------------------+-------+-------++-------
Melee: Hand axe          |    64 |    22 ||    86
       Kick              |    10 |     5 ||    15
       Peck              |     7 |     3 ||    10
Throw: Boomerang         |     7 |       ||     7
       Javelin           |    24 |    10 ||    34
  Use: Scroll            |     5 |       ||     5
       Potion            |     1 |       ||     1
 Stab: Distracted        |       |     2 ||     2
       Sleeping          |       |     1 ||     1
Armor: Leather armour    |    14 |     4 ||    18
Dodge: Dodged            |    36 |     5 ||    41
       Repelled          |       |     1 ||     1

Table legend:
 A = Non-vault XP
 B = Vault XP
 C = Vault XP percentage of total XP
 D = Non-vault monster count
 E = Vault monster count
 F = Vault count percentage of total count
                 A         B        C        D         E       F
            +---------+---------+-------+---------+---------+-------
      Total |      91 |      36 |  28.3 |      44 |      12 |  21.4
            +---------+---------+-------+---------+---------+-------
        D:1 |      40 |       0 |   0.0 |      27 |       0 |   0.0
        D:2 |      45 |      36 |  44.4 |      14 |      12 |  46.2
        D:3 |       6 |       0 |   0.0 |       3 |       0 |   0.0
            +---------+---------+-------+---------+---------+-------
